 Dungeon Crawl Stone Soup version 0.32-a0-616-g9348d4545b (webtiles) character file.

Game seed: 5318841847745190354

394 jasper the Ruffian (level 6, -10/46 HPs)
             Began as a Demonspawn Shapeshifter on Mar 5, 2024.
             Was a Priest of Beogh (penitent).
             Mangled by Menkaure (11 damage)
             ... on level 4 of the Dungeon.
             The game lasted 00:06:31 (2837 turns).

jasper the Ruffian (Demonspawn Shapeshifter)        Turns: 2837, Time: 00:06:32

Health: -10/46     AC:  8    Str: 16    XL:     6   Next: 52%
Magic:  9/9        EV:  7    Int: 12    God:    Beogh [***...]
Gold:   261        SH:  0    Dex: 13    Spells: 5/5 levels left

rFire   . .          .
                       - Unarmed
rCold   . . .        (no shield)
rNeg    . . .        q - +0 chain mail
rPois   .            (helmet currently unavailable)
rElec   .            (cloak currently unavailable)
rCorr   .            (gloves currently unavailable)
SInv    .            (boots currently unavailable)
Will    .....        f - amulet of magic regeneration Stlth
                     (no ring)
HPRegen 0.27/turn    (no ring)
MPRegen 0.51/turn

%: no passive effects
@: beast-form
A: beast (slay +1), claws 1, spiny 2, big brain 1
a: Begin Untransformation, Renounce Religion


You were on level 4 of the Dungeon.
You worshipped Beogh.
Beogh was demanding penance.
You were a hulking beast.
You visited 1 branch of the dungeon, and saw 4 of its levels.

You collected 261 gold pieces.

Inventory:

Missiles
 j - 11 stones (quivered)
Armour
 a - a +0 animal skin
 k - a +0 leather armour
 m - a +0 scale mail
 q - a +0 chain mail (worn)
Jewellery
 f - an amulet of magic regeneration (around neck)
Talismans
 c - a beast talisman (active)
 d - a flux talisman
Wands
 p - a wand of polymorph (8)
 r - a wand of acid (14)
Scrolls
 g - 2 scrolls of torment
 o - 3 scrolls of identify
Potions
 b - a potion of heal wounds {unknown}
 e - a potion of mutation
 h - 2 potions of curing {unknown}
 i - 2 potions of might {unknown}
 l - 2 potions of invisibility {unknown}
 n - 3 potions of haste {unknown}


   Skills:
 + Level 2.4 Fighting
 - Level 1.7 Dodging
 * Level 5.2 Unarmed Combat
 - Level 5.0 Invocations
 - Level 2.6 Shapeshifting


You had 5 spell levels left.
You didn't know any spells.
Your spell library contained the following spells:

 Spells                   Type           Power      Damage    Failure   Level
 Freeze                   Ice            0%         1d3       99%         1
 Frozen Ramparts          Ice            0%         1d1       100%        3
 Hailstorm                Conj/Ice       0%         3d5       100%        3
 Animate Armour           Summ/Erth      0%         N/A       100%        4
 Summon Lightning Spire   Summ/Air       0%         N/A       100%        4
 Lee's Rapid Deconstruct  Erth           0%         3d4*      100%        5


Dungeon Overview and Level Annotations

Branches:
Dungeon (4/15)
 Temple: D:4-7

Altars:
Beogh

Annotations:
D:4 Menkaure


Innate Abilities, Weirdness & Mutations

You are a hulking beast.
Your limbs bulge with bestial killing power. (Slay +1)
Your facial features look somewhat orcish.
You have sharp fingernails.
You are mostly covered in sharp spines.
You have an unusually large brain. (Int +2)


Message History

You scratch the iguana.
You kill the iguana!
Beogh accepts your kill.
You regained 2 hp, and now have 41/46 hp.
You see here an iguana corpse.
You now have 245 gold pieces (gained 10).
You open the door.
There is an open door here.
Found a stone staircase leading down.
Health restored: 46 You now have 261 gold pieces (gained 16).
You open the door.
Menkaure, Prince of Dust comes into view.
Menkaure shouts!
Menkaure is nearby!
Menkaure sighs, "Let me perform the rites..."
Menkaure calls on the powers of darkness!
Your body is wracked with pain!
There is an open door here.
You take 22 damage, and have 24/46 hp.
MASSIVE DAMAGE!!
Found a stone staircase leading down.
You scratch Menkaure but do no damage. Menkaure hits you.
You take 4 damage, and have 20/46 hp.
You barely miss Menkaure. You scratch Menkaure.
Menkaure is moderately damaged.
Menkaure calls on the powers of darkness!
Your body is wracked with pain!
* * * LOW HITPOINT WARNING * * *
You take 9 damage, and have 12/46 hp.
You barely miss Menkaure.
Menkaure is moderately damaged.
Menkaure hits you!
* * * LOW HITPOINT WARNING * * *
You take 11 damage, and have 1/46 hp.
MASSIVE DAMAGE!!
Okay, then.
You claw Menkaure! You claw Menkaure.
Menkaure is severely damaged.
Menkaure hits you!
You die...

###.##.## ##.......## #..####.#
........####........>#
#...###.#
###........'.........+
......>...
#.#...####.........####.....#.#
#.##.## ##.......## #..##.#.#
#..#.# ##.....## #.# #.#.#
##.#.# ##...## #.###.#.# .#.#
#######'## #.......# .#.#
#......h# #####.### ..#
#.#####M# #.# ### ..# #.# ....
..# #.... ### #....# .#..##
##>#.#


You could see Menkaure.

Vanquished Creatures
  A phantom (D:4)
  2 bombardier beetles
  2 iguanas (D:4)
  Terence (D:2)
  4 gnolls (D:3)
  6 adders
  A ribbon worm (D:3)
  4 dart slugs
  7 ball pythons
  9 bats
  5 endoplasms
  4 giant cockroaches
  7 goblins
  9 hobgoblins
  4 quokkas
  5 frilled lizards
  7 kobolds
  3 rats (D:3)
81 creatures vanquished.

Vanquished Creatures (others)
  An orc apostle (D:3)
1 creature vanquished.

Grand Total: 82 creatures vanquished

Notes
Turn   | Place    | Note
-------+----------+-------------------------------------------
     0 | D:1      | jasper the Demonspawn Shapeshifter began the quest for the
                  | Orb.
     0 | D:1      | Reached XP level 1. HP: 15/15 MP: 1/1
   324 | D:1      | Gained mutation: You have sharp fingernails. [demonic
                  | ancestry]
   324 | D:1      | Reached XP level 2. HP: 12/21 MP: 2/2
   446 | D:1      | Found a faded altar of an unknown god.
   458 | D:1      | Prayed at the altar of an unknown god.
   458 | D:1      | Became a worshipper of Beogh the Shepherd
   458 | D:1      | Reached * piety under Beogh
   647 | D:1      | You fall into a shaft and drop 1 floor!
   659 | D:2      | Noticed Terence
   669 | D:2      | Killed Terence
   670 | D:2      | Gained mutation: You have an unusually large brain. (Int
                  | +2) [demonic ancestry]
   670 | D:2      | Reached XP level 3. HP: 13/26 MP: 3/3
  1319 | D:2      | Reached ** piety under Beogh
  1412 | D:2      | Gained mutation: You are partially covered in sharp spines.
                  | [demonic ancestry]
  1412 | D:2      | Reached XP level 4. HP: 32/32 MP: 4/4
  1853 | D:3      | Reached skill level 1 in Invocations
  1911 | D:3      | Gained mutation: You are mostly covered in sharp spines.
                  | [demonic ancestry]
  1911 | D:3      | Reached XP level 5. HP: 35/37 MP: 7/7
  2172 | D:3      | Reached *** piety under Beogh
  2194 | D:3      | Noticed Gorm
  2226 | D:3      | Was placed under penance by Beogh
  2226 | D:3      | Killed Gorm the orc apostle
  2226 | D:3      | Fled from a divine trial
  2247 | D:4      | Identified the +9 flail "Biv Qasch" {flame, ^Fragile Int+6}
  2436 | D:4      | Reached skill level 5 in Invocations
  2436 | D:4      | Reached XP level 6. HP: 38/44 MP: 9/9
  2694 | D:4      | Reached skill level 5 in Unarmed Combat
  2830 | D:4      | Noticed Menkaure
  2836 | D:4      | HP: 1/46 [Menkaure (11)]
  2837 | D:4      | Mangled by Menkaure

Illustrated notes

Levels and vault maps discovered:
D:1:      heliophobic_arrival_dark_side_of_the_moon, layout_loops_corners,
          shapermc_ecumenical_altar_mp_urbaneastern
D:2:      layout_rooms, uniq_terence
D:3:      layout_rooms
D:4:      layout_loops_corners, minmay_cut_off, uniq_crazy_yiuf_cottage,
          uniq_menkaure

Skill      XL: |  1  2  3  4  5  6 |
---------------+-------------------+-----
Unarmed Combat | 3 4 5 |  5.2
Invocations    | 2 5 |  5.0
Fighting       | 2 |  2.4
Dodging        | |  1.7
Shapeshifting  | |  2.6

Action                     |  1- 3 |  4- 6 || total
---------------------------+-------+-------++-------
  Melee: Unarmed           |    90 |    91 ||   181
         Punch             |       |     3 ||     3
  Throw: Stone             |     4 |    27 ||    31
    Use: Potion            |     1 |       ||     1
         Scroll            |     3 |     3 ||     6
 Armour: Animal skin       |    18 |       ||    18
         Leather armour    |    27 |       ||    27
         Skin              |    14 |       ||    14
         Scale mail        |    17 |    30 ||    47
         Chain mail        |       |    16 ||    16
  Dodge: Dodged            |    57 |    23 ||    80

Table legend: (Time is in decaauts)
 A = Elapsed time spent in this place.
 B = Non-inter-level travel time spent in this place.
 C = Inter-level travel time spent in this place.
 D = Time resting spent in this place.
 E = Time spent auto-exploring this place.
 F = Levels seen in this place.
 G = Mean time per level.
                   A        B        C        D        E       F      G
               +--------+--------+--------+--------+--------+-----+--------+
         Total |   2824 |   2776 |     48 |    175 |   1952 |   4 |  706.0 |
       Dungeon |   2824 |   2776 |     48 |    175 |   1952 |   4 |  706.0 |
               +--------+--------+--------+--------+--------+-----+--------+

Top non-repeatable levels by time:
     D:1: 1012 daAuts
     D:2: 747 daAuts
     D:4: 607 daAuts
     D:3: 457 daAuts
